 Dungeon Crawl Stone Soup version 0.31-a0-1540-g5a0b83f448 (webtiles) character file.

Game seed: 160961106761043604

1284 Persephone the Cutter (level 8, -2/39 HPs)
             Began as a Vine Stalker Fighter on Jan 1, 2024.
             Was a Follower of Okawaru.
             Slain by Menkaure (18 damage)
             ... on level 5 of the Dungeon.
             The game lasted 00:07:55 (3886 turns).

Persephone the Cutter (Vine Stalker Fighter)        Turns: 3886, Time: 00:07:56

Health: -2/39      AC:  4    Str: 20    XL:     8   Next: 55%
Magic:  0/9        EV: 10    Int:  8    God:    Okawaru [*.....]
Gold:   149        SH:  6    Dex: 18    Spells: 7/7 levels left

rFire   . . .        p - +1 dagger "Pesyoh" {flame, Dex+3}
rCold   . . .        c - +0 buckler
rNeg    . . .        g - +0 troll leather armour {Pargi}
rPois   .            x - +0 hat
rElec   .            (no cloak)
rCorr   .            l - +0 pair of gloves
SInv    .            (no boots)
Will    +....        (no amulet)
Stlth   +++          (no ring)
HPRegen 1.86/turn    (no ring)
MPRegen 0.11/turn

%: guardian spirit
@: studying Maces & Flails
A: fangs 3, regeneration 1, magic shield, antimagic bite, no potion heal 2
a: Renounce Religion, Heroism


You were on level 5 of the Dungeon.
You worshipped Okawaru.
Okawaru was aware of your devotion.
You visited 1 branch of the dungeon, and saw 5 of its levels.
You also visited: Sewer.

You collected 352 gold pieces.
You spent 203 gold pieces at shops.

Inventory:

Hand Weapons
 a - a +0 rapier
 p - the +1 dagger "Pesyoh" (weapon) {flame, Dex+3}
   (You bought it in a shop on level 2 of the Dungeon)

   Dex+3:     It affects your dexterity (+3).
Armour
 b - a +0 scale mail
 c - a +0 buckler (worn)
 g - a +0 troll leather armour (worn) {Pargi}
 l - a +0 pair of gloves (worn)
 x - a +0 hat (worn)
Jewellery
 y - a ring of protection from fire
Wands
 q - a wand of mindburst (8)
 w - a wand of polymorph (5)
Scrolls
 d - a scroll of fog
 h - 4 scrolls of teleportation
 j - 3 scrolls of fear
 k - 2 scrolls of noise
 n - 2 scrolls of blinking
 o - 2 scrolls of immolation
 u - a scroll of revelation {unknown}
 v - 2 scrolls of enchant weapon {unknown}
 B - a scroll of torment {unknown}
 C - a scroll of enchant armour {unknown}
 D - a scroll of brand weapon {unknown}
Potions
 e - a potion of haste {unknown}
 f - a potion of resistance {unknown}
 i - a potion of magic {unknown}
 m - 2 potions of enlightenment {unknown}
 r - 2 potions of mutation {unknown}
 s - a potion of attraction {unknown}
 t - a potion of lignification {unknown}
 z - a potion of heal wounds {unknown}
 A - 2 potions of curing {unknown}


   Skills:
 + Level 2.6 Fighting
 * Level 7.5 Short Blades
 - Level 2.4 Armour
 + Level 0.0 Dodging
 + Level 5.0 Stealth
 - Level 5.0 Shields
 + Level 0.0 Invocations


You had 7 spell levels left.
You didn't know any spells.
Your spell library contained the following spells:

 Spells                   Type           Power      Damage    Failure   Level
 Necrotise                Necr           0%         1d4       54%         1
 Ensorcelled Hibernation  Hex/Ice        0%         N/A       67%         2
 Scorch                   Fire           0%         2d5       67%         2
 Fugue of the Fallen      Necr           0%         N/A       88%         3
 Vampiric Draining        Necr           0%         2d6       88%         3
 Anguish                  Hex/Necr       0%         N/A       99%         4
 Flame Wave               Conj/Fire      0%         2d4       99%         4
 Curse of Agony           Necr           0%         N/A       100%        5
 Martyr's Knell           Necr/Summ      Unusable   N/A       N/A         4
 Summon Cactus Giant      Summ           Unusable   N/A       N/A         6

Dungeon Overview and Level Annotations

Branches:
Dungeon (5/15)             Temple (0/1) D:5           Sewer (visited)

Altars:
Gozag
Okawaru
Trog

Shops:
D:2 (*?

Annotations:
D:5 Menkaure


Innate Abilities, Weirdness & Mutations

You have razor-sharp teeth.
Your natural rate of healing is unusually fast.
When hurt, damage is shared between your health and your magic reserves.
Your bite disrupts and absorbs the magic of your enemies.
Potions cannot restore your health.


Message History

h - 4 scrolls of teleportation (gained 1)
You now have 143 gold pieces (gained 8).
B - a scroll labelled ZOOHI AXKATU
C - a scroll labelled DURGHA NAZO You now have 149 gold pieces (gained 6).
Auto Killed stopped - Key pressed Key pressed, stopping explore.
Found an opulent altar of Gozag.
You see here a +0 robe.
D - a scroll labelled NOXOUM ILUA Menkaure shouts!
Menkaure is nearby!
Menkaure calls on the powers of darkness!
Your body is wracked with pain!
Lua - Auto Kill stopped.
Not in fighting shape.
You hit Menkaure. You burn Menkaure. Your bite misses Menkaure.
Menkaure is moderately damaged.
Menkaure casts a spell.
Menkaure seems to speed up.
You hit Menkaure. You burn Menkaure. Your bite misses Menkaure.
Menkaure is moderately damaged.
You hit Menkaure. You burn Menkaure.
Menkaure is heavily damaged.
Menkaure closely misses you.
You hit Menkaure. You burn Menkaure. Your bite misses Menkaure.
Menkaure is severely damaged.
Menkaure calls on the powers of darkness!
Your body is wracked with pain!
You hit Menkaure but do no damage. You bite Menkaure, but do no damage.
Menkaure is severely damaged.
Menkaure hits you!
You barely miss Menkaure.
Menkaure is severely damaged.
You block Menkaure's attack.
You hit Menkaure. You burn Menkaure. Your bite misses Menkaure.
Menkaure is almost destroyed.
You hit Menkaure. You burn Menkaure.
Menkaure is almost destroyed.
Menkaure hits you!!
You die...

#### #.. ##.###.# ... ###
#......# #. ##.. ..#
#..##### #.# #... #.# #..#
#.####...
#.###..########........ ##
###.#...@.......#..##.##.
#.
.....#.M######.#........
#.# ####.###..####
#....##.#.. #.#
#.........)..# #.....#.#
#.#
#.##.###..##.#####..##[...
#.# #.##.#
#..##รท..........##.
###.####.##.#
#..##~....#...#....
#...........#
#..##~~~..#...#.#.#
#.#..#####..#
#..##~~~~.#.....#..


You could see Menkaure (fast).

Vanquished Creatures
  Sigmund (D:2)
  A wyvern (D:5)
  Edmund (D:4)
  Pargi (Sewer)
  The ghost of Pooter the Chopper, an amateur MiBe of Trog (D:3)
  2 ogres
  2 phantoms (D:5)
  A hound (D:3)
  2 jellies
  2 bombardier beetles (D:3)
  An iguana (D:3)
  An orc wizard (D:3)
  2 river rats (D:5)
  5 adders
  2 dart slugs
  A ribbon worm (D:2)
  4 orcs
  7 bats
  5 endoplasms
  5 giant cockroaches
  7 goblins
  3 hobgoblins
  12 jackals
  3 quokkas
  15 ball pythons
  4 frilled lizards
  5 kobolds
  4 rats
100 creatures vanquished.

Notes
Turn   | Place    | Note
-------+----------+-------------------------------------------
     0 | D:1      | Persephone the Vine Stalker Fighter began the quest for the
                  | Orb.
     0 | D:1      | Reached XP level 1. HP: 11/11 MP: 2/2
   121 | D:1      | Reached skill level 2 in Short Blades
   180 | D:1      | Found a faded altar of an unknown god.
   295 | D:1      | Reached XP level 2. HP: 16/16 MP: 3/3
   807 | D:2      | Reached skill level 3 in Short Blades
   826 | D:2      | Reached XP level 3. HP: 19/19 MP: 4/4
   982 | D:2      | Found an iron altar of Okawaru.
  1033 | D:2      | Became a worshipper of Warmaster Okawaru
  1068 | D:2      | Found Zitesas's Antique Weapon Boutique.
  1101 | D:2      | Bought a bloodstained dagger for 203 gold pieces
  1101 | D:2      | Identified the +1 dagger "Pesyoh" {flame, Dex+3} (You
                  | bought it in a shop on level 2 of the Dungeon)
  1186 | D:2      | Reached skill level 1 in Stealth
  1186 | D:2      | Reached XP level 4. HP: 23/23 MP: 5/5
  1345 | D:2      | Found Rihelyoco's General Store.
  1408 | D:2      | Noticed Sigmund
  1417 | D:2      | Killed Sigmund
  1418 | D:2      | Reached skill level 4 in Short Blades
  1418 | D:2      | Reached XP level 5. HP: 27/27 MP: 6/6
  1418 | D:2      | Reached XP level 6. HP: 32/32 MP: 7/7
  1421 | D:2      | Found Iphasan's Magic Scroll Boutique.
  1554 | D:3      | Found a large runed translucent door.
  1556 | D:3      | Found a large runed translucent door.
  1566 | D:3      | Noticed Pooter's ghost (amateur MiBe)
  1627 | D:3      | Reached * piety under Okawaru
  2220 | D:3      | Killed Pooter's ghost
  2221 | D:3      | Reached XP level 7. HP: 33/35 MP: 8/8
  2274 | D:3      | Reached skill level 5 in Short Blades
  2366 | D:4      | Reached skill level 5 in Stealth
  2811 | D:4      | Noticed Edmund
  2844 | D:4      | Killed Edmund
  3041 | D:5      | Entered Level 5 of the Dungeon
  3058 | D:5      | Reached skill level 5 in Shields
  3167 | D:5      | Found a glowing drain.
  3178 | D:5      | Noticed Menkaure
  3196 | D:5      | Reached skill level 6 in Short Blades
  3196 | D:5      | Gained mutation: You have razor-sharp teeth. [Vine Stalker
                  | growth]
  3196 | D:5      | Reached XP level 8. HP: 15/39 MP: 3/9
  3282 | Sewer    | Entered a sewer
  3361 | Sewer    | Noticed Pargi
  3378 | Sewer    | Killed Pargi
  3464 | D:5      | Found a staircase to the Ecumenical Temple.
  3482 | D:5      | Identified the +2 dagger of the Hills {flame, rElec Str+2}
  3495 | D:5      | Reached ** piety under Okawaru
  3496 | D:5      | Reached skill level 7 in Short Blades
  3515 | D:5      | Noticed a wyvern
  3531 | D:5      | Killed a wyvern
  3570 | D:5      | Found a bloodstained altar of Trog.
  3799 | D:5      | Found an opulent altar of Gozag.
  3886 | D:5      | Slain by Menkaure

Illustrated notes

Levels and vault maps discovered:
D:1:      ldierk_walled_garden_2, layout_loops_ring,
          dreamdust_ecumenical_altar_statues, nrook_mini_backslash,
          minmay_gold_behind_fungi, minmay_tromino_v4_a
D:2:      layout_basic, basic_altar, serial_shops, shop, nicolae_lakefront_shop,
          nicolae_shop_statue_plus, glass_columns_a, minmay_misc_feat_chi,
          skrybe_limestone_x, minmay_worlds_worst_comb, uniq_sigmund
D:3:      minmay_inner_zag, layout_loops_ring, ebering_ghost_disaster_area
D:4:      layout_loops_ring, abandoned_shop, minmay_ruptured, uniq_edmund
D:5:      layout_loops_ring, mainiacjoe_overflow_paths, trog_butcher_becter,
          minmay_temple_entry_ruins, portal_sewer_entry_b, uniq_menkaure

Skill      XL: |  1  2  3  4  5  6  7  8 |
---------------+-------------------------+-----
Short Blades   | 2 3 4 6 7 |  7.5
Stealth        | 1 3 4 5 |  5.0
Shields        | 3 4 5 |  5.0
Fighting       | |  2.6
Armour         | |  2.4

Action                     |  1- 3 |  4- 6 |  7- 9 || total
---------------------------+-------+-------+-------++-------
  Melee: Rapier            |   115 |       |       ||   115
         Bite              |    23 |    22 |    74 ||   119
         Dagger            |     5 |   106 |   204 ||   315
 Invoke: Heroism           |       |     1 |     3 ||     4
    Use: Potion            |       |     1 |     1 ||     2
         Scroll            |       |       |     6 ||     6
   Stab: Sleeping          |       |     2 |     2 ||     4
 Armour: Scale mail        |    61 |    44 |   103 ||   208
         Troll leather arm |       |       |    15 ||    15
  Dodge: Dodged            |    52 |    27 |    65 ||   144
  Block: Buckler           |    22 |    28 |    47 ||    97

Table legend: (Time is in decaauts)
 A = Elapsed time spent in this place.
 B = Non-inter-level travel time spent in this place.
 C = Inter-level travel time spent in this place.
 D = Time resting spent in this place.
 E = Time spent auto-exploring this place.
 F = Levels seen in this place.
 G = Mean time per level.
                   A        B        C        D        E       F      G
               +--------+--------+--------+--------+--------+-----+--------+
         Total |   3833 |   3601 |    232 |      0 |   2802 |   6 |  638.8 |
       Dungeon |   3652 |   3420 |    232 |      0 |   2705 |   5 |  730.4 |
         Sewer |    180 |    180 |      0 |      0 |     97 |   1 |  180.0 |
               +--------+--------+--------+--------+--------+-----+--------+

Top non-repeatable levels by time:
     D:3: 806 daAuts
     D:1: 775 daAuts
     D:2: 729 daAuts
     D:4: 718 daAuts
     D:5: 622 daAuts
   Sewer: 180 daAuts
